[Event "35th European Club Cup 2019"]
[Site "Ulcinj"]
[Date "2019.11.14"]
[Round "5.6"]
[White "Ahmadzada, Ahmad"]
[Black "Brunello, Sabino"]
[Result "1-0"]
[ECO "C85"]
[WhiteElo "2406"]
[BlackElo "2549"]
[Annotator "ChessBase"]
[PlyCount "77"]
[EventDate "2019.11.10"]
[EventType "team-tourn"]
[EventCountry "MNE"]
[SourceTitle "playchess.com"]
[Source "ChessBase"]
[SourceQuality "1"]
[WhiteTeam "Vugar Gashimov"]
[BlackTeam "Padova"]
[TimeControl "40/5400+30:1800+30"]

1. e4 e5 2. Nf3 Nc6 3. Bb5 a6 4. Ba4 Nf6 5. O-O Be7 6. Bxc6 dxc6 7. d3 Nd7 8. b3 c5 9. Bb2 Bd6 10. Nbd2 O-O 11. Nc4 Re8 12. Nxd6 cxd6 13. Nd2 Nf8 14. f4 exf4 15. Rxf4 Ng6 16. Rf2 b5 17. Qh5 Be6 18. Raf1 h6 19. Nf3 a5 20. d4 Qd7 21. dxc5 Bg4 22. c6 Bxh5 23. cxd7 Rxe4 24. Nd4 Nf8 25. Nxb5 Nxd7 26. Nxd6 Re6 27. Nxf7 Rf8 28. Rd2 Nc5 29. Rd5 Bxf7 30. Rxc5 Bg6 31. Rxf8+ Kxf8 32. Rc7 Re2 33. Kf1 Rxc2 34. Bxg7+ Ke8 35. Rxc2 Bxc2 36. Bxh6 Bb1 37. a3 Ba2 38. b4 axb4 39. axb4 1-0

[Event "35th European Club Cup 2019"]
[Site "Ulcinj"]
[Date "2019.11.14"]
[Round "5.6"]
[White "Bratkovic, Sham"]
[Black "Sychev, Klementy"]
[Result "0-1"]
[ECO "A40"]
[WhiteElo "2232"]
[BlackElo "2578"]
[Annotator "ChessBase"]
[PlyCount "70"]
[EventDate "2019.11.10"]
[EventType "team-tourn"]
[EventCountry "MNE"]
[SourceTitle "playchess.com"]
[Source "ChessBase"]
[SourceQuality "1"]
[WhiteTeam "Maribor"]
[BlackTeam "Law & Order"]
[TimeControl "40/5400+30:1800+30"]

1. d4 e6 2. c4 b6 3. Nc3 Bb7 4. e4 Bb4 5. Bd3 f5 6. Qe2 Nf6 7. Bg5 fxe4 8. Bxe4 Bxe4 9. Bxf6 Qxf6 10. Qxe4 Nc6 11. Nf3 Bxc3+ 12. bxc3 O-O 13. O-O Qf5 14. Qe2 Rae8 15. Rab1 d6 16. Rb5 Qf4 17. Rh5 Re7 18. Rh4 Qf5 19. Re4 Rfe8 20. Re1 e5 21. Qd1 exd4 22. Rxe7 Rxe7 23. Rxe7 Nxe7 24. cxd4 d5 25. Qe1 Kf8 26. cxd5 Nxd5 27. h3 h6 28. Qc1 Kg8 29. Qc6 Kh7 30. Ne5 Nf4 31. Qf3 c5 32. Nc6 c4 33. Ne7 Nxh3+ 34. Kf1 Qb1+ 35. Ke2 Ng1+ 0-1

[Event "35th European Club Cup 2019"]
[Site "Ulcinj"]
[Date "2019.11.14"]
[Round "5.6"]
[White "Duijn, Rob"]
[Black "Piceu, Tom"]
[Result "0-1"]
[ECO "D02"]
[WhiteElo "2220"]
[BlackElo "2354"]
[Annotator "NA"]
[PlyCount "33"]
[EventDate "2019.11.10"]
[EventType "team-tourn"]
[EventCountry "MNE"]
[SourceTitle "playchess.com"]
[Source "ChessBase"]
[SourceQuality "1"]
[WhiteTeam "Kennemer Combinatie"]
[BlackTeam "HWP Sas van Gent"]
[TimeControl "40/5400+30:1800+30"]

1. d4 d5 2. Nf3 e6 3. Bg5 f6 4. Bf4 Bd6 5. Bg3 Ne7 6. Nbd2 c5 7. c3 Nbc6 8. Bxd6 Qxd6 9. dxc5 Qxc5 10. e4 O-O 11. Nb3 Qb6 12. exd5 Nxd5 13. Bc4 Nf4 14. O-O Kh8 15. Qd6 Ng6 16. Rad1 e5 17. Qc5 0-1

[Event "35th European Club Cup 2019"]
[Site "Ulcinj"]
[Date "2019.11.14"]
[Round "5.7"]
[White "Pijpers, Arthur"]
[Black "Saraci, Nderim"]
[Result "1/2-1/2"]
[ECO "C70"]
[WhiteElo "2473"]
[BlackElo "2403"]
[Annotator "RC"]
[PlyCount "118"]
[EventDate "2019.11.10"]
[EventType "team-tourn"]
[EventCountry "MNE"]
[SourceTitle "playchess.com"]
[Source "ChessBase"]
[SourceQuality "1"]
[WhiteTeam "LSG IntelliMagic"]
[BlackTeam "Drejtesia"]
[TimeControl "40/5400+30:1800+30"]

1. e4 e5 2. Nf3 Nc6 3. Bb5 a6 4. Ba4 g6 5. d4 exd4 6. Nxd4 Bg7 7. Nxc6 dxc6 8. Qxd8+ Kxd8 9. O-O Be6 10. c3 b5 11. Bb3 Bxb3 12. axb3 Nf6 13. f3 Kc8 14. Be3 Nd7 15. Bd4 Bxd4+ 16. cxd4 c5 17. d5 Kb7 18. Nc3 Rhe8 19. Rad1 Nb6 20. Rfe1 Rad8 21. f4 Rd7 22. Re2 Red8 23. Red2 Nc8 24. e5 Ne7 25. d6 cxd6 26. Ne4 Kc6 27. exd6 Nc8 28. Rc1 Kb6 29. g4 f5 30. gxf5 gxf5 31. Nxc5 Rxd6 32. Rxd6+ Rxd6 33. Nxa6 Kxa6 34. Rxc8 Rd1+ 35. Kf2 Rd2+ 36. Kg3 Rxb2 37. Kh4 Rxb3 38. Kg5 Rb2 39. h4 Rh2 40. Rc6+ Kb7 41. Rh6 Kc7 42. Rxh7+ Kc6 43. Rh8 b4 44. h5 Kc7 45. Re8 b3 46. Re3 b2 47. Rb3 Kd6 48. h6 Ke6 49. Rb6+ Kf7 50. Rb7+ Ke6 51. Rb6+ Kf7 52. Rxb2 Rh1 53. Rb7+ Ke6 54. Rb6+ Kf7 55. Rf6+ Ke7 56. Kxf5 Rh5+ 57. Kg6 Rxh6+ 58. Kxh6 Kxf6 59. f5 Kxf5 1/2-1/2

[Event "35th European Club Cup 2019"]
[Site "Ulcinj"]
[Date "2019.11.14"]
[Round "5.8"]
[White "Riff, Jean-Noel"]
[Black "Jurcik, Martin"]
[Result "1/2-1/2"]
[ECO "C65"]
[WhiteElo "2514"]
[BlackElo "2358"]
[Annotator "ChessBase"]
[PlyCount "52"]
[EventDate "2019.11.10"]
[EventType "team-tourn"]
[EventCountry "MNE"]
[SourceTitle "playchess.com"]
[Source "ChessBase"]
[SourceQuality "1"]
[WhiteTeam "Mulhouse"]
[BlackTeam "Inbest Dunajov"]
[TimeControl "40/5400+30:1800+30"]

1. e4 e5 2. Nf3 Nc6 3. Bb5 Nf6 4. d3 Bc5 5. c3 O-O 6. O-O Re8 7. Re1 a6 8. Ba4 b5 9. Bb3 d6 10. Nbd2 Bb6 11. Nf1 h6 12. Ng3 Be6 13. d4 Bxb3 14. axb3 d5 15. Nxe5 Nxe5 16. dxe5 Nxe4 17. Nxe4 dxe4 18. Bf4 e3 19. fxe3 Qxd1 20. Raxd1 Red8 21. Kf2 Kf8 22. Ke2 Ke7 23. e4 Ke6 24. Rf1 a5 25. Be3 Bxe3 26. Kxe3 a4 1/2-1/2

[Event "35th European Club Cup 2019"]
[Site "Ulcinj"]
[Date "2019.11.14"]
[Round "5.9"]
[White "Van Haastert, Edwin"]
[Black "Fejzullahu, Afrim"]
[Result "1/2-1/2"]
[ECO "E97"]
[WhiteElo "2439"]
[BlackElo "2201"]
[Annotator "NA"]
[PlyCount "67"]
[EventDate "2019.11.10"]
[EventType "team-tourn"]
[EventCountry "MNE"]
[SourceTitle "playchess.com"]
[Source "ChessBase"]
[SourceQuality "1"]
[WhiteTeam "LSG IntelliMagic"]
[BlackTeam "Drejtesia"]
[TimeControl "40/5400+30:1800+30"]

1. Nf3 Nf6 2. c4 g6 3. Nc3 Bg7 4. e4 d6 5. d4 O-O 6. Be2 e5 7. O-O Nc6 8. Be3 Ng4 9. Bg5 f6 10. Bc1 Nh6 11. dxe5 Nxe5 12. Nxe5 fxe5 13. c5 Be6 14. cxd6 cxd6 15. Be3 Nf7 16. Qd2 a6 17. Nd5 Bxd5 18. Qxd5 Qe7 19. Rac1 Kh8 20. Rfd1 Rad8 21. Bg4 h5 22. Qe6 Rfe8 23. Qxe7 Rxe7 24. Be2 Bh6 25. Bxh6 Nxh6 26. Rc3 Kg7 27. a4 Ng8 28. Rb3 Rc7 29. Rb4 Ne7 30. h4 Nc6 31. Rc4 Rf7 32. g3 Nd4 33. Rd2 b5 34. axb5 1/2-1/2

[Event "35th European Club Cup 2019"]
[Site "Ulcinj"]
[Date "2019.11.14"]
[Round "5.9"]
[White "Lisko, Frantisek"]
[Black "Sokolov, Andrei"]
[Result "0-1"]
[ECO "E49"]
[WhiteElo "2274"]
[BlackElo "2497"]
[Annotator "ChessBase"]
[PlyCount "70"]
[EventDate "2019.11.10"]
[EventType "team-tourn"]
[EventCountry "MNE"]
[SourceTitle "playchess.com"]
[Source "ChessBase"]
[SourceQuality "1"]
[WhiteTeam "Inbest Dunajov"]
[BlackTeam "Mulhouse"]
[TimeControl "40/5400+30:1800+30"]

1. d4 Nf6 2. c4 e6 3. Nc3 Bb4 4. e3 O-O 5. Bd3 d5 6. a3 Bxc3+ 7. bxc3 b6 8. cxd5 Qxd5 9. Nf3 Ba6 10. Bxa6 Nxa6 11. O-O c5 12. Qa4 Qb7 13. c4 Rac8 14. Bb2 cxd4 15. exd4 Ne4 16. Rab1 Nb8 17. Rfe1 Nd7 18. d5 Ndc5 19. Qd1 Rcd8 20. Qd4 f6 21. Rxe4 Nxe4 22. Qxe4 exd5 23. cxd5 Qxd5 24. Qxd5+ Rxd5 25. Bd4 Rfd8 26. Rb4 Ra5 27. Rb3 Ra4 28. Rd3 g5 29. h3 f5 30. g4 fxg4 31. hxg4 h5 32. Re3 hxg4 33. Re5 gxf3 34. Rxg5+ Kh7 35. Bb2 Rg8 0-1

[Event "35th European Club Cup 2019"]
[Site "Ulcinj"]
[Date "2019.11.14"]
[Round "5.10"]
[White "Papadiamandis, Elliot"]
[Black "Kantorik, Marian"]
[Result "1/2-1/2"]
[ECO "C04"]
[WhiteElo "2220"]
[BlackElo "2181"]
[Annotator "NA"]
[PlyCount "73"]
[EventDate "2019.11.10"]
[EventType "team-tourn"]
[EventCountry "MNE"]
[SourceTitle "playchess.com"]
[Source "ChessBase"]
[SourceQuality "1"]
[WhiteTeam "Mulhouse"]
[BlackTeam "Inbest Dunajov"]
[TimeControl "40/5400+30:1800+30"]

1. e4 e6 2. d4 d5 3. Nd2 Nc6 4. Ngf3 Nf6 5. e5 Nd7 6. c3 f6 7. exf6 Qxf6 8. Bb5 Bd6 9. O-O O-O 10. Nb3 h6 11. Qe2 e5 12. Bxc6 bxc6 13. dxe5 Nxe5 14. Nxe5 Bxe5 15. Be3 a5 16. Nc5 a4 17. a3 Bd6 18. Qh5 Qe7 19. Nd3 Ba6 20. Rfd1 Bxd3 21. Rxd3 Rab8 22. Rd2 Qe4 23. h3 Qe6 24. Re1 Rbe8 25. Rde2 Qf7 26. Qxf7+ Kxf7 27. Bc1 c5 28. Rxe8 Rxe8 29. Rxe8 Kxe8 30. Kf1 Kd7 31. Ke2 c4 32. f4 h5 33. Kf3 Ke6 34. Be3 g6 35. g4 hxg4+ 36. Kxg4 Be7 37. Bf2 {[%emt 0:01:14] Ke5} 1/2-1/2

[Event "35th European Club Cup 2019"]
[Site "Ulcinj"]
[Date "2019.11.14"]
[Round "5.10"]
[White "Zymberi, Astrit"]
[Black "De Jong, Jan-Willem"]
[Result "0-1"]
[ECO "E46"]
[WhiteElo "2148"]
[BlackElo "2446"]
[Annotator "NA"]
[PlyCount "64"]
[EventDate "2019.11.10"]
[EventType "team-tourn"]
[EventCountry "MNE"]
[SourceTitle "playchess.com"]
[Source "ChessBase"]
[SourceQuality "1"]
[WhiteTeam "Drejtesia"]
[BlackTeam "LSG IntelliMagic"]
[TimeControl "40/5400+30:1800+30"]

1. d4 Nf6 2. c4 e6 3. Nc3 Bb4 4. e3 O-O 5. Nge2 Re8 6. a3 Bf8 7. d5 a5 8. Ng3 Na6 9. Be2 Nc5 10. b3 a4 11. bxa4 d6 12. O-O g6 13. Rb1 Bg7 14. dxe6 Bxe6 15. e4 Bd7 16. f3 Nxa4 17. Nxa4 Bxa4 18. Qd2 b6 19. Bb2 Bc6 20. Bd3 Nd7 21. Bxg7 Kxg7 22. f4 Qf6 23. e5 dxe5 24. f5 Qh4 25. fxg6 hxg6 26. c5 Rh8 27. Be4 Rxa3 28. Rf3 Rxf3 29. gxf3 Bxe4 30. Nxe4 Nxc5 31. Nxc5 bxc5 32. Rd1 Qd4+ 0-1

[Event "35th European Club Cup 2019"]
[Site "Ulcinj"]
[Date "2019.11.14"]
[Round "5.11"]
[White "Van Wissen, Michiel"]
[Black "Saraci, Korab"]
[Result "1-0"]
[ECO "C55"]
[WhiteElo "2289"]
[BlackElo "2114"]
[Annotator "NA"]
[PlyCount "89"]
[EventDate "2019.11.10"]
[EventType "team-tourn"]
[EventCountry "MNE"]
[SourceTitle "playchess.com"]
[Source "ChessBase"]
[SourceQuality "1"]
[WhiteTeam "LSG IntelliMagic"]
[BlackTeam "Drejtesia"]
[TimeControl "40/5400+30:1800+30"]

1. e4 e5 2. Bc4 Nf6 3. d3 Nc6 4. Nf3 h6 5. O-O d6 6. c3 Be7 7. Re1 O-O 8. a4 Kh8 9. a5 Bg4 10. h3 Bh5 11. a6 b6 12. Nbd2 Nb8 13. Nf1 c6 14. Ng3 Bg6 15. Nh4 Bh7 16. Nhf5 Qd7 17. Nxe7 Qxe7 18. Qf3 Nbd7 19. Nf5 Bxf5 20. Qxf5 Rfd8 21. Bb3 Nf8 22. Bd2 Ng6 23. g3 Qd7 24. Qxd7 Rxd7 25. d4 Re8 26. d5 Ne7 27. dxc6 Nxc6 28. Ba4 Rc7 29. Bb5 Rd8 30. Bf1 Na5 31. Rad1 Nb3 32. Be3 Na5 33. f3 Ng8 34. Bg2 Rcd7 35. f4 f6 36. Rd3 Ne7 37. Red1 Nb3 38. h4 Nc6 39. Bh3 Rc7 40. Rxd6 Rxd6 41. Rxd6 Nca5 42. Be6 Kh7 43. Rd8 Re7 44. f5 g6 45. Bxb6 1-0

[Event "35th European Club Cup 2019"]
[Site "Ulcinj"]
[Date "2019.11.14"]
[Round "5.11"]
[White "Hanko, Pavol"]
[Black "Netzer, Jacques"]
[Result "1/2-1/2"]
[ECO "E92"]
[WhiteElo "2114"]
[BlackElo "2284"]
[Annotator "NA"]
[PlyCount "85"]
[EventDate "2019.11.10"]
[EventType "team-tourn"]
[EventCountry "MNE"]
[SourceTitle "playchess.com"]
[Source "ChessBase"]
[SourceQuality "1"]
[WhiteTeam "Inbest Dunajov"]
[BlackTeam "Mulhouse"]
[TimeControl "40/5400+30:1800+30"]

1. d4 Nf6 2. Nf3 g6 3. c4 Bg7 4. Nc3 O-O 5. e4 d6 6. Be2 e5 7. Be3 Ng4 8. Bg5 f6 9. Bc1 f5 10. dxe5 Nxe5 11. Nxe5 Bxe5 12. f4 Bg7 13. exf5 Bxf5 14. Qd5+ Kh8 15. Qxb7 Nd7 16. O-O Nc5 17. Qd5 Rb8 18. Be3 Rxb2 19. Bd4 Qe7 20. Bxg7+ Qxg7 21. Rac1 Bc8 22. g3 Bb7 23. Qd1 Re8 24. Bf3 Bxf3 25. Rxf3 Qf7 26. Qd4+ Kg8 27. Rf2 Rxf2 28. Kxf2 Qe6 29. Rd1 Ne4+ 30. Nxe4 Qxe4 31. Rd2 Qe1+ 32. Kg2 Re2+ 33. Rxe2 Qxe2+ 34. Kh3 Qh5+ 35. Kg2 Qe2+ 36. Kh3 Qxa2 37. Qd5+ Kf8 38. Qe6 Qa5 39. Qf6+ Ke8 40. Qe6+ Kf8 41. Qf6+ Kg8 42. Qe6+ Kf8 43. Qf6+ 1/2-1/2

[Event "35th European Club Cup 2019"]
[Site "Ulcinj"]
[Date "2019.11.14"]
[Round "5.12"]
[White "Goganov, Aleksey"]
[Black "Kislinsky, Alexey"]
[Result "1/2-1/2"]
[ECO "A59"]
[WhiteElo "2565"]
[BlackElo "2448"]
[Annotator "ChessBase"]
[PlyCount "74"]
[EventDate "2019.11.10"]
[EventType "team-tourn"]
[EventCountry "MNE"]
[SourceTitle "playchess.com"]
[Source "ChessBase"]
[SourceQuality "1"]
[WhiteTeam "Mednyi Vsadnik"]
[BlackTeam "Lysa nad Labem"]
[TimeControl "40/5400+30:1800+30"]

1. d4 Nf6 2. c4 c5 3. d5 b5 4. cxb5 a6 5. bxa6 g6 6. Nc3 Bxa6 7. e4 Bxf1 8. Kxf1 d6 9. g3 Bg7 10. Kg2 O-O 11. Nf3 Qb6 12. Qe2 Na6 13. a4 Rfb8 14. Bd2 Nc7 15. Nb5 Nxb5 16. axb5 Rxa1 17. Rxa1 Nd7 18. Bc3 Qxb5 19. Qxb5 Rxb5 20. Ra7 Bxc3 21. bxc3 Nf6 22. e5 dxe5 23. Rxe7 Nxd5 24. Re8+ Kg7 25. c4 Nf6 26. Re7 Rb6 27. Ng5 Kg8 28. Nxf7 Kf8 29. Rc7 e4 30. Ne5 Ke8 31. Rxc5 Ke7 32. Ra5 Rb2 33. g4 Rc2 34. Nc6+ Kd7 35. Ra7+ Kxc6 36. Ra6+ Kc5 37. Rxf6 e3 1/2-1/2

[Event "35th European Club Cup 2019"]
[Site "Ulcinj"]
[Date "2019.11.14"]
[Round "5.12"]
[White "Nogly, Christoph"]
[Black "Murzin, Volodar"]
[Result "1/2-1/2"]
[ECO "E70"]
[WhiteElo "2235"]
[BlackElo "2429"]
[Annotator "NA RC"]
[PlyCount "145"]
[EventDate "2019.11.10"]
[EventType "team-tourn"]
[EventCountry "MNE"]
[SourceTitle "playchess.com"]
[Source "ChessBase"]
[SourceQuality "1"]
[WhiteTeam "Berlin"]
[BlackTeam "Moscow Chess Team"]
[TimeControl "40/5400+30:1800+30"]

1. d4 Nf6 2. c4 g6 3. Nc3 Bg7 4. e4 d6 5. Bd3 O-O 6. Nge2 Nc6 7. O-O Nd7 8. Be3 e5 9. d5 Nd4 10. Nb5 Nxe2+ 11. Qxe2 b6 12. Rac1 a6 13. Nc3 a5 14. Qd2 Nf6 15. Be2 h5 16. h3 Nh7 17. b3 Qe7 18. a3 f5 19. exf5 Bxf5 20. g4 Bd7 21. f3 e4 22. Nxe4 hxg4 23. hxg4 Bxg4 24. Kg2 Rae8 25. Bd3 Bf5 26. Rce1 Qd7 27. Nf2 Nf6 28. Bg5 Nh5 29. Rxe8 Rxe8 30. Re1 Be5 31. f4 Bf6 32. Bxf5 gxf5 33. Rxe8+ Qxe8 34. Bxf6 Nxf6 35. Qd3 Qg6+ 36. Qg3 Kf7 37. Qxg6+ Kxg6 38. Kf3 Kh5 39. Nh1 Nd7 40. Ng3+ Kg6 41. Ne2 Nc5 42. Nd4 Kf6 43. Ke3 Kg6 44. Kd2 Ne4+ 45. Kc2 Nf6 46. b4 a4 47. Kd3 Ne8 48. Ke3 Kf6 49. Nb5 Ke7 50. Nc3 Nf6 51. Nxa4 b5 52. Nc3 bxc4 53. Kd4 Kd7 54. Kxc4 Nh5 55. Ne2 Kc8 56. Nd4 Nxf4 57. Nxf5 Kb7 58. Ne3 Ng6 59. b5 Kb6 60. Kb4 Nf4 61. Kc4 Ka5 62. Nc2 Ka4 63. Nd4 Ng6 64. Ne6 Ne5+ 65. Kd4 Kxb5 66. Nxc7+ Ka4 67. Ne8 Nf7 68. Ke4 Kxa3 69. Kf5 Kb4 70. Ke6 Kc5 71. Nf6 Ng5+ 72. Ke7 Nh7 73. Ne4+ 1/2-1/2

[Event "35th European Club Cup 2019"]
[Site "Ulcinj"]
[Date "2019.11.14"]
[Round "5.12"]
[White "Richard, Emma"]
[Black "Magat, Jozef"]
[Result "1/2-1/2"]
[ECO "C04"]
[WhiteElo "2157"]
[BlackElo "2105"]
[Annotator "NA"]
[PlyCount "89"]
[EventDate "2019.11.10"]
[EventType "team-tourn"]
[EventCountry "MNE"]
[SourceTitle "playchess.com"]
[Source "ChessBase"]
[SourceQuality "1"]
[WhiteTeam "Mulhouse"]
[BlackTeam "Inbest Dunajov"]
[TimeControl "40/5400+30:1800+30"]

1. e4 e6 2. d4 d5 3. Nd2 Nc6 4. Ngf3 Nf6 5. e5 Nd7 6. c3 f6 7. exf6 Qxf6 8. Bb5 Bd6 9. Nf1 O-O 10. Bg5 Qf7 11. Bh4 h6 12. Ne3 a6 13. Ba4 b5 14. Bb3 Na5 15. Bc2 Nc4 16. O-O Nf6 17. Nxc4 bxc4 18. Bg3 Qh5 19. Ne5 Qxd1 20. Rfxd1 Nh5 21. Ng6 Rf7 22. Re1 Nxg3 23. hxg3 c5 24. Ne5 Rf8 25. b3 cxb3 26. axb3 cxd4 27. cxd4 Rb8 28. Ra4 Rb4 29. Rxb4 Bxb4 30. Rc1 Ba3 31. Rb1 Bb7 32. b4 Rc8 33. Bg6 Rc1+ 34. Rxc1 Bxc1 35. Bf7+ Kf8 36. Bxe6 Ke7 37. Nd3 Bd2 38. Bg4 Bc6 39. Bc8 a5 40. bxa5 Bxa5 41. Ne5 Bb5 42. Ng6+ Kd6 43. Nh4 Bd3 44. Bf5 Be2 45. Bc2 {[%emt 0:05:43] Ke5} 1/2-1/2

[Event "35th European Club Cup 2019"]
[Site "Ulcinj"]
[Date "2019.11.14"]
[Round "5.12"]
[White "Misini, Burhanudin"]
[Black "Van Ketel, Raoul"]
[Result "0-1"]
[ECO "C03"]
[WhiteElo "1991"]
[BlackElo "2212"]
[Annotator "NA"]
[PlyCount "122"]
[EventDate "2019.11.10"]
[EventType "team-tourn"]
[EventCountry "MNE"]
[SourceTitle "playchess.com"]
[Source "ChessBase"]
[SourceQuality "1"]
[WhiteTeam "Drejtesia"]
[BlackTeam "LSG IntelliMagic"]
[TimeControl "40/5400+30:1800+30"]

1. e4 e6 2. d4 d5 3. Nd2 Be7 4. c3 c5 5. e5 Nc6 6. Ngf3 f6 7. exf6 Nxf6 8. Nb3 c4 9. Nbd2 Bd6 10. Be2 O-O 11. Nf1 e5 12. dxe5 Nxe5 13. Ne3 Re8 14. Nxe5 Bxe5 15. O-O Be6 16. Bf3 Qd7 17. Nc2 Bf5 18. Bg5 Bd3 19. Bxf6 Bxf6 20. Re1 Qb5 21. Nb4 d4 22. Rxe8+ Rxe8 23. a4 Qf5 24. Bg4 Qg5 25. Rc1 dxc3 26. bxc3 b6 27. Bf3 Rd8 28. Qe1 a5 29. Nd5 Be5 30. Qe3 Qxe3 31. fxe3 Rd6 32. Kf2 g6 33. g3 Kg7 34. e4 Re6 35. Ke3 Bd6 36. Nf4 Bc5+ 37. Kd2 Rd6 38. e5 Rd7 39. Ne6+ Kf7 40. Nxc5 bxc5 41. Bc6 Rd8 42. Ke3 Ke6 43. Kf4 h6 44. Be4 g5+ 45. Ke3 Kxe5 46. Bc6 Rd6 47. Bg2 g4 48. Re1 Rf6 49. Rc1 Rb6 50. Bf1 Bxf1 51. Rxf1 Rb3 52. Kd2 Rb2+ 53. Kc1 Rxh2 54. Rf4 h5 55. Rxc4 Kd5 56. Rf4 Rg2 57. Rf5+ Kc4 58. Rxh5 Rxg3 59. Kb2 Rg2+ 60. Ka3 Rc2 61. Rh3 Rxc3+ 0-1

[Event "35th European Club Cup 2019"]
[Site "Ulcinj"]
[Date "2019.11.14"]
[Round "5.13"]
[White "Noe, Christopher"]
[Black "Cernousek, Lukas"]
[Result "1-0"]
[ECO "D04"]
[WhiteElo "2533"]
[BlackElo "2461"]
[Annotator "ChessBase"]
[PlyCount "65"]
[EventDate "2019.11.10"]
[EventType "team-tourn"]
[EventCountry "MNE"]
[SourceTitle "playchess.com"]
[Source "ChessBase"]
[SourceQuality "1"]
[WhiteTeam "De Sprenger Echternach"]
[BlackTeam "Unichess"]
[TimeControl "40/5400+30:1800+30"]

1. d4 d5 2. e3 Nf6 3. Nf3 c5 4. c4 cxd4 5. exd4 g6 6. Nc3 Bg7 7. cxd5 Nxd5 8. Bb5+ Nc6 9. O-O O-O 10. h3 Be6 11. Bxc6 bxc6 12. Na4 Nc7 13. Nc5 Bc4 14. Re1 Ne6 15. Qc2 Nxc5 16. Qxc4 Ne6 17. Be3 Qb6 18. b3 Qb5 19. Rac1 Qxc4 20. Rxc4 Rac8 21. Ra4 Rc7 22. Rc1 Rd8 23. Kf1 Rd5 24. Rcc4 Kf8 25. Ra6 Rd6 26. d5 cxd5 27. Rxc7 Nxc7 28. Rxa7 Rc6 29. b4 e5 30. a4 d4 31. b5 Nxb5 32. axb5 Rc5 33. b6 1-0

[Event "35th European Club Cup 2019"]
[Site "Ulcinj"]
[Date "2019.11.14"]
[Round "5.13"]
[White "Draskovic, Luka"]
[Black "Karttunen, Mika"]
[Result "1/2-1/2"]
[ECO "E62"]
[WhiteElo "2460"]
[BlackElo "2477"]
[Annotator "ChessBase"]
[PlyCount "72"]
[EventDate "2019.11.10"]
[EventType "team-tourn"]
[EventCountry "MNE"]
[SourceTitle "playchess.com"]
[Source "ChessBase"]
[SourceQuality "1"]
[WhiteTeam "Crnogorac"]
[BlackTeam "Tammer-Shakki"]
[TimeControl "40/5400+30:1800+30"]

1. c4 Nf6 2. Nf3 g6 3. g3 Bg7 4. Bg2 O-O 5. O-O d6 6. d4 c6 7. Nc3 Bf5 8. Bg5 Ne4 9. Nxe4 Bxe4 10. Qd2 Re8 11. Bh6 Nd7 12. Bxg7 Kxg7 13. Qc3 Nf6 14. Bh3 Bxf3 15. Qxf3 Qb6 16. Qc3 e5 17. dxe5 dxe5 18. Rad1 a5 19. a3 Ne4 20. Qd3 Nf6 21. Qc3 Qc5 22. Bg2 Rad8 23. b4 axb4 24. axb4 Qe7 25. Rd3 Rxd3 26. exd3 Qd6 27. Re1 Rd8 28. Rxe5 Qxd3 29. Qxd3 Rxd3 30. Re7 Rd1+ 31. Bf1 Nd7 32. Kg2 Kf8 33. Re3 Rb1 34. b5 Nb6 35. Ra3 cxb5 36. cxb5 Re1 1/2-1/2

[Event "35th European Club Cup 2019"]
[Site "Ulcinj"]
[Date "2019.11.14"]
[Round "5.15"]
[White "Hammes, Michael"]
[Black "Vrbata, Zbynek"]
[Result "1/2-1/2"]
[ECO "E91"]
[WhiteElo "2348"]
[BlackElo "2353"]
[Annotator "NA"]
[PlyCount "61"]
[EventDate "2019.11.10"]
[EventType "team-tourn"]
[EventCountry "MNE"]
[SourceTitle "playchess.com"]
[Source "ChessBase"]
[SourceQuality "1"]
[WhiteTeam "De Sprenger Echternach"]
[BlackTeam "Unichess"]
[TimeControl "40/5400+30:1800+30"]

1. d4 Nf6 2. c4 g6 3. Nc3 Bg7 4. e4 O-O 5. Nf3 d6 6. Be2 Nbd7 7. Be3 e5 8. d5 Nc5 9. Nd2 a5 10. Qc2 Ng4 11. Bxg4 Bxg4 12. h3 Bd7 13. g4 f5 14. gxf5 gxf5 15. O-O-O b6 16. Rdg1 Kh8 17. h4 Qe7 18. f3 Bf6 19. Nb5 Na6 20. a3 f4 21. Bf2 Rg8 22. Qd1 Rxg1 23. Qxg1 Rg8 24. Qf1 Be8 25. Kc2 Bd7 26. b3 Rc8 27. Na7 Ra8 28. Nb5 Rc8 29. Na7 Ra8 30. Nb5 Rc8 31. Na7 1/2-1/2

[Event "35th European Club Cup 2019"]
[Site "Ulcinj"]
[Date "2019.11.14"]
[Round "5.15"]
[White "Pobor, Danilo"]
[Black "Ahvenjarvi, Jani"]
[Result "1/2-1/2"]
[ECO "D53"]
[WhiteElo "2041"]
[BlackElo "2309"]
[Annotator "NA"]
[PlyCount "51"]
[EventDate "2019.11.10"]
[EventType "team-tourn"]
[EventCountry "MNE"]
[SourceTitle "playchess.com"]
[Source "ChessBase"]
[SourceQuality "1"]
[WhiteTeam "Crnogorac"]
[BlackTeam "Tammer-Shakki"]
[TimeControl "40/5400+30:1800+30"]

1. d4 Nf6 2. Bg5 d5 3. c4 e6 4. Nc3 Be7 5. e3 O-O 6. cxd5 exd5 7. Bd3 c6 8. Qc2 Nbd7 9. Nf3 Re8 10. O-O Nf8 11. Rab1 Ng6 12. b4 a6 13. a4 b5 14. Ne2 Bb7 15. Nf4 Nd7 16. Nxg6 hxg6 17. Bf4 Nb6 18. Ne5 Rc8 19. Bxg6 fxg6 20. Qxg6 Rf8 21. Qe6+ Kh7 22. Qh3+ Kg8 23. Qe6+ Kh7 24. Qh3+ Kg8 25. Qe6+ Kh7 26. Qh3+ 1/2-1/2

[Event "35th European Club Cup 2019"]
[Site "Ulcinj"]
[Date "2019.11.14"]
[Round "5.16"]
[White "Yuffa, Daniil"]
[Black "Sengupta, Deep"]
[Result "1-0"]
[ECO "D20"]
[WhiteElo "2578"]
[BlackElo "2557"]
[Annotator "ChessBase"]
[PlyCount "83"]
[EventDate "2019.11.10"]
[EventType "team-tourn"]
[EventCountry "MNE"]
[SourceTitle "playchess.com"]
[Source "ChessBase"]
[SourceQuality "1"]
[WhiteTeam "Molodezka"]
[BlackTeam "Koge SK"]
[TimeControl "40/5400+30:1800+30"]

1. d4 d5 2. c4 dxc4 3. e3 e5 4. Bxc4 exd4 5. exd4 Nf6 6. Nf3 Bd6 7. Qe2+ Qe7 8. Qxe7+ Bxe7 9. O-O Nbd7 10. Re1 Nb6 11. Bb3 a5 12. a4 Nfd5 13. Nc3 c6 14. Bd2 Be6 15. Ne4 O-O 16. Nfg5 Bf5 17. Nc5 Bxc5 18. dxc5 Nd7 19. Rac1 N7f6 20. Nf3 Ne4 21. Bxd5 cxd5 22. Be3 Bd7 23. b3 Rfc8 24. Red1 Be6 25. h4 Nf6 26. Nd4 Nd7 27. c6 bxc6 28. Nxc6 Kf8 29. Bd2 Ke8 30. Re1 Nf6 31. f3 Kd7 32. Nxa5 d4 33. Nb7 Bxb3 34. Nc5+ Rxc5 35. Rxc5 Rxa4 36. Rb1 Bd5 37. Bf4 d3 38. Bg3 Bc6 39. Rbc1 Nh5 40. Rxh5 d2 41. Rd1 Rd4 42. Ra5 1-0